 Dungeon Crawl Stone Soup version 0.32-a0-996-gb3226c233f (webtiles) character file.

Game seed: 5808936576978866187

5623 GordonOverkill the Zephyrmancer (level 10, 0/81 HPs)
             Began as a Yellow Draconian Delver on Apr 23, 2024.
             Was an Initiate of Sif Muna.
             Slain by a komodo dragon (23 damage)
             ... on level 10 of the Dungeon.
             The game lasted 00:29:18 (14204 turns).

GordonOverkill the Zephyrmancer (DrDe)             Turns: 14204, Time: 00:29:19

Health: 0/81       AC: 13    Str: 14    XL:     10   Next: 46%
Magic:  20/20      EV: 11    Int: 15    God:    Sif Muna [......]
Gold:   496        SH:  0    Dex: 13    Spells: 20/23 levels left

rFire   + . .        I - +3 scimitar
rCold   . . .        (no shield)
rNeg    . . .        (body armour unavailable)
rPois   +            C - +2 hat
rElec   .            q - +2 cloak
rCorr   +            (no gloves)
SInv    .            y - +0 pair of boots
Will    .....        (no amulet)
Stlth   +++          w - ring of poison resistance
HPRegen 0.33/turn    B - ring of protection from fire
MPRegen 0.17/turn

%: no passive effects
@: inugami summoned
A: caustic breath, AC +7, unfitting armour, cold-blooded, acid resistance
a: Caustic Breath, Renounce Religion


You were on level 10 of the Dungeon.
You worshipped Sif Muna.
Sif Muna was noncommittal.
You visited 2 branches of the dungeon, and saw 11 of its levels.

You collected 496 gold pieces.

Inventory:

Hand Weapons
 I - a +3 scimitar (weapon)
Missiles
 g - 10 javelins (quivered)
 x - 2 throwing nets
Armour
 q - a +2 cloak (worn)
 y - a +0 pair of boots (worn)
 C - a +2 hat (worn)
Jewellery
 o - an amulet of faith
 w - a ring of poison resistance (left hand)
 B - a ring of protection from fire (right hand)
Wands
 d - a wand of paralysis (5)
 f - a wand of digging (3)
 p - a wand of flame (20)
 r - a wand of light (16)
 z - a wand of warping (10)
Scrolls
 b - a scroll of fog
 c - 4 scrolls of revelation
 j - a scroll of enchant weapon
 m - 6 scrolls of teleportation
 t - 2 scrolls of identify
 u - a scroll of torment
 A - a scroll of brand weapon
 D - a scroll of vulnerability {unknown}
 E - a scroll of fear
 F - a scroll of blinking {unknown}
 H - a scroll of amnesia {unknown}
Potions
 e - a potion of haste
 h - a potion of magic
 i - a potion of heal wounds
 k - a potion of ambrosia
 l - a potion of mutation
 n - 4 potions of curing
 s - 2 potions of might
 v - 2 potions of brilliance
 G - a potion of lignification {unknown}


   Skills:
 - Level 5.0 Fighting
 - Level 2.0 Short Blades
 - Level 2.0 Dodging
 - Level 4.5 Stealth
 - Level 7.0 Spellcasting
 - Level 7.0 Summonings
 + Level 10.7 Air Magic
 - Level 3.0 Evocations


You had 20 spell levels left.
You knew the following spells:

 Your Spells              Type           Power      Damage    Failure   Level
a - Call Canine Familiar  Summ           26%        N/A       2%          3

Your spell library contained the following spells:

 Spells                   Type           Power      Damage    Failure   Level
 Sandblast                Erth           10%        2d5       13%         1
 Ensorcelled Hibernation  Hex/Ice        10%        N/A       21%         2
 Lesser Beckoning         Tloc           10%        N/A       21%         2
 Fugue of the Fallen      Necr           5%         N/A       36%         3
 Maxwell's Portable Pile  Tloc           5%         2d(5-15)  36%         3
 Passwall                 Erth           5%         N/A       36%         3
 Sigil of Binding         Hex            5%         N/A       36%         3
 Stone Arrow              Conj/Erth      10%        3d7       36%         3
 Teleport Other           Tloc           5%         N/A       36%         3
 Anguish                  Hex/Necr       2%         N/A       78%         4
 Dimensional Bullseye     Hex/Tloc       2%         N/A       78%         4
 Magnavolt                Erth/Air       10%        3d11      100%        7
 Maxwell's Capacitive Co  Air            18%        ∞         100%        8
 Chain Lightning          Conj/Air       10%        3d14      100%        9
 Fire Storm               Conj/Fire      2%         8d1       100%        9
 Shatter                  Erth           2%         3d6*      100%        9


Dungeon Overview and Level Annotations

Branches:
Dungeon (10/15)            Temple (1/1) D:5             Orc (0/2) D:9
   Lair: D:8-11

Altars:
Ashenzari
Cheibriados
Dithmenos
Elyvilon
Fedhas
Gozag
Hepliaklqana
Kikubaaqudgha
Makhleb
Nemelex Xobeh
Okawaru
Qazlal
Ru
Sif Muna
Trog
Uskayaw
Vehumet
Wu Jian
Xom
Yredelemnul
Zin
The Shining One

Portals:
Abyss: D:8

Annotations:
D:4 1 runed translucent door, temujin's ghost, amateur DEAl
D:8 2 transporters, grizmgrazm2's ghost, novice TrFi


Innate Abilities, Weirdness & Mutations

You can breathe corrosive fumes.
Your golden yellow scales are hard. (AC +7)
You cannot fit into any form of body armour.
You are cold-blooded and may be slowed by cold attacks.
You are resistant to acid. (rCorr)


Message History

You hit the komodo dragon but do no damage.
The komodo dragon misses you.
You hit the komodo dragon.
The komodo dragon is lightly wounded.
The komodo dragon bites you!! x2
* * * LOW HITPOINT WARNING * * *
You are too injured to fight recklessly!
You are too injured to fight recklessly!
Your inugami hits the komodo dragon.
Aiming: Paralyse
Press: ? - help, Shift-Dir - straight line, f - komodo dragon
Aim: a komodo dragon (lightly wounded, ally target, chance to affect: 38%)
The komodo dragon suddenly stops moving!
Your inugami hits the komodo dragon but does no damage.
The helpless komodo dragon fails to defend itself.
You slash the komodo dragon!
You tail-slap the komodo dragon, but do no damage.
The komodo dragon is moderately wounded.
Your inugami hits the komodo dragon.
Your inugami hits the komodo dragon but does no damage.
Your inugami hits the komodo dragon but does no damage.
An electric eel comes into view.
Your inugami hits the komodo dragon but does no damage.
Your inugami hits the komodo dragon.
The helpless komodo dragon fails to defend itself.
You hit the komodo dragon but do no damage.
The komodo dragon is heavily wounded.
Your inugami hits the komodo dragon but does no damage.
The electric eel shoots out a bolt of lightning at you!
The bolt of electricity hits you!
* * * LOW HITPOINT WARNING * * *
The bolt of electricity hits your inugami.
The helpless komodo dragon fails to defend itself.
You hit the komodo dragon but do no damage.
The komodo dragon is heavily wounded.
The komodo dragon is no longer paralysed.
The komodo dragon bites you!
* * * LOW HITPOINT WARNING * * *
The komodo dragon bites you!!
You die...

P......## ######.#
.P.P....########.#
P....÷...#.......#
sP..P..P....######
####P....#..#
+...P.#..#######
#P.P....†......# #####
#.P.P.#.######.###≈~≈≈≈
P..P..P..#..h.@l....≈≈#≈
.P.PP.####.####...~~≈≈≈≈
P..P.. #...≈~≈≈≈≈≈


PP.P #.#~≈≈≈≈≈≈≈ P. ..~≈≈≈≈≈≈≈≈≈ ###≈≈≈≈S≈≈≈≈≈ ≈≈≈≈≈≈≈≈≈≈≈ ≈≈≈≈≈≈≈≈≈≈≈≈
≈≈≈≈≈≈≈≈≈≈≈≈≈ You could see a komodo dragon, an electric eel (ally target) and a
friendly inugami (summoned).

Vanquished Creatures
  An ugly thing (D:8)
  Psyche (D:8)
  Grinder (D:6)
  4 yaks
  Grum (D:8)
  A human (D:4)
  A steam dragon (D:8)
  A water moccasin (D:7)
  An orc warrior (D:9)
  An ice beast (D:8)
  3 wolves (D:8)
  2 centaurs
  A bullfrog (D:10)
  2 scorpions (D:10)
  2 wights (D:8)
  3 killer bees (D:9)
  A bombardier beetle (D:5)
  A human zombie (D:3)
  2 orc priests
  2 hounds
  A jelly (D:7)
  2 iguanas
  4 orc wizards
  Ijyb (D:3)
  4 adders
  3 gnolls (D:5)
  2 ufetubi
  2 ribbon worms
  4 dart slugs
  28 orcs
  7 ball pythons
  3 endoplasms
  4 giant cockroaches
  6 goblins
  4 hobgoblins
  5 quokkas
  5 bats
  4 frilled lizards
  10 kobolds
  8 rats
139 creatures vanquished.

Vanquished Creatures (collateral kills)
  A shadow (D:9)
  5 yaks
  An ice beast (D:6)
  A sky beast (D:4)
  A centaur (D:5)
  A kobold brigand (D:7)
  3 bullfrogs
  A scorpion (D:5)
  3 wights
  A killer bee (D:9)
  2 bombardier beetles
  4 hounds
  2 orc priests
  An iguana (D:5)
  10 orc wizards
  4 gnolls
  3 adders
  A white imp (D:8)
  2 ufetubi
  11 orcs
  A hobgoblin (D:2)
  A bat (D:2)
  A kobold (D:8)
61 creatures vanquished.

Grand Total: 200 creatures vanquished

Notes
Turn   | Place    | Note
-------+----------+-------------------------------------------
     0 | D:5      | GordonOverkill the Draconian Delver began the quest for the
                  | Orb.
     0 | D:5      | Reached XP level 1. HP: 19/19 MP: 1/1
    13 | D:7      | Noticed a hound
   127 | D:5      | Noticed a centaur
   234 | D:5      | Reached skill level 1 in Evocations
   301 | D:4      | Noticed a hound
   352 | D:4      | Reached XP level 2. HP: 26/26 MP: 2/2
   526 | D:3      | Reached XP level 3. HP: 7/31 MP: 2/6
   530 | D:3      | Learned a level 3 spell: Call Canine Familiar
   823 | D:3      | Reached skill level 1 in Summonings
  1254 | D:2      | Reached XP level 4. HP: 38/38 MP: 7/7
  3049 | D:3      | Found a faded altar of an unknown god.
  3078 | D:3      | Found a runed translucent door.
  3078 | D:3      | Noticed a human
  3139 | D:3      | Found a basalt altar of Yredelemnul.
  3146 | D:3      | Noticed Ijyb
  3185 | D:4      | Reached XP level 5. HP: 32/45 MP: 4/8
  3284 | D:4      | Found a runed translucent door.
  3469 | D:4      | Killed a human
  3670 | D:4      | Reached XP level 6. HP: 42/52 MP: 7/10
  3709 | D:4      | Noticed temujin's ghost (amateur DEAl)
  4152 | D:3      | Killed Ijyb
  4845 | D:5      | Found a staircase to the Ecumenical Temple.
  4899 | D:5      | Reached skill level 5 in Summonings
  4957 | D:5      | Found a stormy altar of Qazlal.
  4957 | D:5      | Noticed a sky beast
  4970 | D:4      | Killed a sky beast
  4971 | D:4      | Your scales start taking on a golden yellow colour.
  4971 | D:4      | Reached XP level 7. HP: 50/59 MP: 7/12
  4971 | D:4      | Gained mutation: You are resistant to acid. (rCorr) [Yellow
                  | Draconian growth]
  6002 | D:5      | Reached skill level 5 in Spellcasting
  6573 | D:6      | Found an ornate altar of the Wu Jian Council.
  6650 | D:6      | Reached XP level 8. HP: 66/66 MP: 15/15
  7146 | D:6      | Noticed Grinder
  7188 | D:6      | Killed Grinder
  7189 | D:6      | Reached skill level 1 in Air Magic
  7208 | D:6      | Reached skill level 2 in Air Magic
  7570 | D:7      | Reached skill level 3 in Air Magic
  7583 | D:7      | Reached skill level 4 in Air Magic
  7784 | D:7      | Reached skill level 5 in Air Magic
  8712 | D:7      | Reached skill level 6 in Air Magic
  9332 | D:7      | Reached XP level 9. HP: 61/71 MP: 13/16
  9509 | D:8      | Found a transporter.
  9514 | D:8      | Noticed grizmgrazm2's ghost (novice TrFi)
  9523 | D:8      | Noticed an ancient zyme
  9529 | D:8      | Noticed a cyan ugly thing
  9541 | D:8      | Killed a cyan ugly thing
  9542 | D:8      | Reached skill level 7 in Air Magic
  9640 | D:8      | Found a shadowy altar of Dithmenos.
  9697 | D:8      | Found a transporter.
  9865 | D:8      | Noticed Psyche
  9894 | D:8      | Noticed Grum
 10184 | D:8      | Killed Grum
 10345 | D:7      | Reached skill level 8 in Air Magic
 10944 | D:8      | Found a one-way gate to the infinite horrors of the Abyss.
 11112 | D:8      | Killed Psyche
 11113 | D:8      | Reached skill level 9 in Air Magic
 11113 | D:8      | Reached XP level 10. HP: 78/78 MP: 17/20
 11190 | D:9      | Found a staircase to the Orcish Mines.
 11854 | D:9      | Reached skill level 10 in Air Magic
 12182 | D:9      | Reached skill level 5 in Fighting
 13684 | Temple   | Entered the Ecumenical Temple
 13712 | Temple   | Became a worshipper of Sif Muna the Loreminder
 13908 | D:10     | Entered Level 10 of the Dungeon
 14204 | D:10     | Slain by a komodo dragon

Illustrated notes

Levels and vault maps discovered:
D:1:      nagdon_arrival_zigzag_paths, layout_basic
D:2:      layout_basic
D:3:      layout_basic, dk_yredelemnul_ordeal,
          hellmonk_ecumenical_altar_leap_of_faith, minmay_misc_feat_rows,
          grunt_decor_one_mirror, uniq_ijyb
D:4:      layout_cave_pools, ebering_ghost_reflecting_pool
D:5:      layout_basic, nicolae_qazlal_beasts_of_the_sky, temple_hall,
          nicolae_zen_rock_garden
D:6:      layout_loops_ring, nzn_wu_jian_council_hall, kennysheep_donut,
          grunt_decor_fettered, uniq_grinder
D:7:      layout_basic, kennysheep_small_square
D:8:      layout_basic, nicolae_dithmenos_the_darkroom,
          gammafunk_ghost_abyssal_escape, uniq_psyche, uniq_grum
D:9:      layout_rooms, orc_0_dummy, serial_co_window_serial, co_window_paths_b,
          co_window_of_opportunity_a, co_window_corner_a, co_window_paths_a,
          co_window_corner_a, co_window_cross_2, co_window_paths_c,
          co_window_corner_ca, co_window_broadway_c, co_window_sun,
          co_window_4corner_a, glass_columns_b
D:10:     layout_basic, grunt_lair_entry_orc_guard_hut, enter_trove_6,
          serial_shops, shop
Temple:   mainiacjoe_temple_bowtie_tessellation

Skill      XL: |  1  2  3  4  5  6  7  8  9 10 |
---------------+-------------------------------+-----
Evocations     | 1 2 3 |  3.0
Spellcasting   | 2 3 5 7 |  7.0
Summonings     | 2 3 4 5 6 7 |  7.0
Fighting       | 4 5 |  5.0
Dodging        | 2 |  2.0
Air Magic      | 6 9 10 | 10.7
Short Blades   | |  2.0
Stealth        | |  4.5

Action                     |  1- 3 |  4- 6 |  7- 9 | 10-12 || total
---------------------------+-------+-------+-------+-------++-------
  Melee: Short sword       |   118 |   268 |   348 |    19 ||   753
         Tailslap          |    13 |    38 |    51 |    21 ||   123
         Scimitar          |       |       |       |   129 ||   129
  Throw: Javelin           |    15 |     1 |     1 |     7 ||    24
   Cast: Call Canine Famil |     1 |    16 |    35 |    15 ||    67
Ability: Caustic Breath    |       |       |     6 |     1 ||     7
  Evoke: Wand              |     2 |     4 |     5 |     1 ||    12
    Use: Potion            |     4 |       |       |     1 ||     5
         Scroll            |       |     7 |     3 |       ||    10
   Stab: Paralysed         |     1 |     6 |     9 |     3 ||    19
         Sleeping          |     1 |    16 |     5 |     2 ||    24
         Distracted        |       |     1 |     9 |     4 ||    14
 Armour: Skin              |    76 |   156 |   320 |   181 ||   733
  Dodge: Dodged            |    82 |   123 |   269 |   105 ||   579

Table legend: (Time is in decaauts)
 A = Elapsed time spent in this place.
 B = Non-inter-level travel time spent in this place.
 C = Inter-level travel time spent in this place.
 D = Time resting spent in this place.
 E = Time spent auto-exploring this place.
 F = Levels seen in this place.
 G = Mean time per level.
                   A        B        C        D        E       F      G
               +--------+--------+--------+--------+--------+-----+--------+
         Total |  14223 |  13347 |    876 |   4829 |   5270 |  11 | 1293.0 |
       Dungeon |  14170 |  13346 |    824 |   4829 |   5270 |  10 | 1417.0 |
        Temple |     53 |      2 |     51 |      0 |      0 |   1 |   53.0 |
               +--------+--------+--------+--------+--------+-----+--------+

Top non-repeatable levels by time:
     D:9: 2236 daAuts
     D:8: 2236 daAuts
     D:5: 2085 daAuts
     D:7: 2027 daAuts
     D:3: 1305 daAuts
     D:4: 1150 daAuts
     D:2: 1071 daAuts
     D:6: 1070 daAuts
     D:1: 861 daAuts
    D:10: 126 daAuts
  Temple: 53 daAuts
